AoeStats
← Iguano Pop

Arabia

508583815Analyzed
1v1 RM · 9d ago on Sep 23, 2026· 21m 0s· 2 players
Game mode
Random Map
Map size
Tiny (2 player)
Population
200
Speed
Normal
Resources
Standard
Victory
Conquest
Starting age
Dark Age
Ending age
Imperial Age
RankedLock teamsTeams togetherTeam positionsShared explorationLock speedFull tech treeHidden civsTurbo modeCheats
Victory
Defeat
🇲🇽 Aztecs · Mexico
1335
+16
🇦🇷 Goths · Argentina
1335
-16
Iguano Pop
7:17 Loom
9:45 Feudal Age
10:48 Double-Bit Axe
12:18 Town Watch
18:39 Fletching
FranGinaro
6:30 Loom
9:45 Feudal Age
9:48 Man-at-Arms
12:52 Double-Bit Axe
17:26 Fletching
18:02 Padded Archer Armor
19:07 Wheelbarrow
22:22 Castle Age
20:24 Padded Archer Armor
Connection lost

Rejoining the realm…

Still unreachable

The connection could not be restored.

Session expired

The server has moved on; the page needs a fresh start.